 Dungeon Crawl Stone Soup version 0.23.2-33-g5129a83184 (webtiles) character file.

Game seed: 4544339245713477129

486 Kold the Insei (level 7, -1/43 HPs)
             Began as an Octopode Transmuter on July 31, 2019.
             Slain by an iguana (13 damage)
             ... on level 4 of the Dungeon.
             The game lasted 00:05:46 (4037 turns).

Kold the Insei (Octopode Transmuter)                Turns: 4037, Time: 00:05:47

Health: -1/43      AC:  2    Str: 12    XL:     7   Next: 13%
Magic:  7/10       EV: 22    Int: 15    God:
Gold:   113        SH:  0    Dex: 17    Spells: 2/10 levels left

rFire    . . .     SeeInvis .     - Unarmed
rCold    . . .     Gourm    .   (shield currently unavailable)
rNeg     . . .     Faith    .   (helmet currently unavailable)
rPois    x         Spirit   .   (no amulet)
rElec    .         Reflect  .   h - ring of flight
rCorr    .         Harm     .   (no ring)
MR       .....                  (no ring)
Stlth    ++........             (no ring)
HPRegen  0.14/turn              (no ring)
MPRegen  0.12/turn              (no ring)
                                (no ring)
                                (no ring)

@: spider-form
A: tiny, almost no armour, stealthy swim, (amphibious), 8 rings, (constrict 8)
a: End Transformation, Evoke Flight


You were on level 4 of the Dungeon.
You were near starving.
You were a venomous arachnid creature.
You visited 1 branch of the dungeon, and saw 4 of its levels.

You collected 113 gold pieces.

Inventory:

Missiles
 a - 12 arrows
Jewellery
 h - a ring of flight (left front leg)
Scrolls
 b - 7 scrolls of identify {unknown}
 d - a scroll of random uselessness {unknown}
 e - a scroll of magic mapping {unknown}
 f - 2 scrolls of remove curse {unknown}
 g - a scroll of blinking {unknown}
 i - a scroll of enchant weapon {unknown}
 j - 2 scrolls of teleportation {unknown}
 n - 2 scrolls of fear {unknown}
 o - a scroll of amnesia {unknown}
Potions
 k - a potion of lignification {unknown}
 l - a potion of heal wounds {unknown}
 m - 2 potions of curing {unknown}
Comestibles
 c - 8 rations


   Skills:
 - Level 1.0 Fighting
 + Level 4.0 Dodging
 - Level 3.1 Stealth
 + Level 4.6 Unarmed Combat
 - Level 2.0 Spellcasting
 + Level 3.9 Transmutations
 + Level 0.0 Ice Magic
 - Level 3.1 Poison Magic


You had 2 spell levels left.
You knew the following spells:

 Your Spells              Type           Power        Failure   Level  Hunger
a - Beastly Appendage     Tmut           ##....       13%         1    #......
b - Spider Form           Tmut/Pois      ##........   34%         3    ###....
c - Ice Form              Ice/Tmut       #.......     86%         4    #####..

Your spell library contained the following spells:

 Spells                   Type           Power        Failure   Level  Hunger
 Sticks to Snakes         Tmut           ##......     19%         2    ###....
 Magic Dart               Conj           #...         43%         1    #......
 Searing Ray              Conj           #.....       54%         2    ###....
 Dazzling Spray           Conj/Hex       #.....       75%         3    ###....
 Blade Hands              Tmut           ##........   90%         5    ######.
 Force Lance              Conj/Tloc      #.......     98%         4    #####..
 Fulminant Prism          Conj/Hex       #.........   98%         4    #####..
 Iskenderun's Mystic Bla  Conj           #.......     98%         4    #####..


Dungeon Overview and Level Annotations

Branches:
Dungeon (4/15)
 Temple: D:4-7

Altars:
Vehumet


Innate Abilities, Weirdness & Mutations

You cannot wear most types of armour.
You are very stealthy in the water. (Stealth+)
((You are amphibious.))
You can wear up to eight rings at the same time.
((You can use your tentacles to constrict eight enemies at once.))
((Your skin changes colour to match your surroundings (Stealth+).))
((Your rubbery body absorbs attacks. (AC +1, EV +1)))


Message History

You tentacle-slap the iguana but do no damage.
Your grab misses the iguana.
The iguana is moderately wounded.
The iguana completely misses you.
You tentacle-slap the iguana. Your grab misses the iguana.
The iguana is heavily wounded.
Your transformation is almost over.
The iguana bites you!
* * * LOW HITPOINT WARNING * * *
You tentacle-slap the iguana. Your grab misses the iguana.
Your tentacle spike misses the iguana.
The iguana is heavily wounded.
The iguana completely misses you.
Casting: Beastly Appendage (safe; 4% risk of failure)
Confirm with . or Enter, or press ? or * to list all spells.
Your tentacle spike disappears.
You turn into a venomous arachnid creature.
You are near starving!
The iguana bites you!
You die...

#.#....##.######
.## #.
#....####......# ##
#. #..........###.#
.
##...#####.....####
##. ...#......$..<
# #.#.##>.####.
..####†...#.....
#.......#........
..#.###s..##.####
#...).l## .#
#######.. .. ....
...... ....# .#..#
..#


You could see an iguana.

Vanquished Creatures
  Sigmund (D:2)
  A phantom (D:4)
  A hound (D:2)
  Crazy Yiuf (D:3)
  Jessica (D:2)
  A gnoll (D:1)
  7 adders
  2 worms (D:2)
  A dart slug (D:2)
  A leopard gecko (D:2)
  3 orcs (D:3)
  2 ball pythons (D:1)
  5 bats
  A giant cockroach (D:2)
  9 goblins
  8 hobgoblins
  8 jackals
  3 quokkas
  5 frilled lizards
  11 kobolds
  7 rats
79 creatures vanquished.

Notes
Turn   | Place    | Note
-------+----------+-------------------------------------------
     0 | D:1      | Kold the Octopode Transmuter began the quest for the Orb.
     0 | D:1      | Reached XP level 1. HP: 13/13 MP: 3/3
   121 | D:1      | Reached skill level 1 in Stealth
   121 | D:1      | Reached XP level 2. HP: 17/18 MP: 3/5
   755 | D:1      | Reached XP level 3. HP: 23/23 MP: 4/6
  1113 | D:2      | Noticed Jessica
  1180 | D:2      | Killed Jessica
  1180 | D:2      | Reached XP level 4. HP: 23/28 MP: 5/7
  1488 | D:2      | Learned a level 3 spell: Spider Form
  1512 | D:2      | Found a radiant altar of Vehumet.
  1788 | D:2      | Reached XP level 5. HP: 22/33 MP: 6/8
  1815 | D:2      | Reached skill level 1 in Poison Magic
  2096 | D:2      | Noticed Sigmund
  2106 | D:2      | Killed Sigmund
  2106 | D:2      | Reached XP level 6. HP: 15/38 MP: 5/9
  3423 | D:3      | Found a runed translucent door.
  3424 | D:3      | Noticed Crazy Yiuf
  3755 | D:3      | Killed Crazy Yiuf
  3828 | D:4      | Noticed a phantom
  3850 | D:4      | Killed a phantom
  3850 | D:4      | Reached XP level 7. HP: 19/43 MP: 8/10
  3897 | D:4      | Learned a level 4 spell: Ice Form
  4037 | D:4      | Slain by an iguana

Skill      XL: |  1  2  3  4  5  6 |
---------------+-------------------+-----
Stealth        | 1 2 3 |  3.1
Dodging        | 3 4 |  4.0
Transmutations | 3 |  3.9
Poison Magic   | 2 3 |  3.1
Unarmed Combat | 4 |  4.6
Fighting       | |  1.0
Spellcasting   | |  2.0

Action                   |  1- 3 |  4- 6 |  7- 9 || total
-------------------------+-------+-------+-------++-------
Melee: Unarmed           |    49 |   144 |     6 ||   199
       Tentacles         |    10 |    15 |     1 ||    26
       Constrict         |    14 |    28 |       ||    42
       Kick              |    11 |    22 |     1 ||    34
       Punch             |     1 |       |       ||     1
 Cast: Beastly Appendage |    15 |    27 |     1 ||    43
       Spider Form       |       |     7 |     1 ||     8
 Stab: Sleeping          |     4 |    13 |     1 ||    18
  Eat: Chunk             |     1 |     9 |       ||    10
Armor: Skin              |       |     4 |       ||     4
Dodge: Dodged            |    24 |   106 |     3 ||   133
